 Dungeon Crawl Stone Soup version 0.26-a0-940-gf7e0b5f775 (webtiles) character file.

Game seed: 15402364395383370857

7558 pkoi the Grappler (level 10, -12/141 HPs)
             Began as a Troll Monk on Nov 28, 2020.
             Was an Elder of Qazlal.
             Mangled by a boulder beetle (14 damage)
             ... on level 10 of the Dungeon.
             The game lasted 00:13:09 (8762 turns).

pkoi the Grappler (Troll Monk)                      Turns: 8762, Time: 00:13:10

Health: -12/141    AC: 15    Str: 22    XL:     10   Next: 96%
Magic:  8/15       EV: 12    Int:  8    God:    Qazlal [****..]
Gold:   1576       SH:  5    Dex: 18    Spells: 4/9 levels left

rFire    + . .     SeeInvis .     - Unarmed
rCold    + . .     Faith    .   (no shield)
rNeg     . . .     Spirit   .   K - +0 steam dragon scales
rPois    .         Reflect  .   n - +2 hat
rElec    .         Harm     .   D - scarf {rC+ rF+}
rCorr    .         Rampage  .   (gloves unavailable)
MR       .....                  (boots unavailable)
Stlth    ..........             u - amulet of regeneration
HPRegen  1.13/turn              J - +6 ring of dexterity
MPRegen  0.14/turn              z - +4 ring of protection

@: berserking, repel missiles, very quick
A: large, unfitting armour, claws 3, regeneration 1, shaggy fur 1, tough skin 3
a: Upheaval, Elemental Force, Renounce Religion


You were on level 10 of the Dungeon.
You worshipped Qazlal.
Qazlal was greatly pleased with you.
You visited 1 branch of the dungeon, and saw 11 of its levels.

You collected 1728 gold pieces.
You spent 152 gold pieces at shops.

Inventory:

Missiles
 d - 347 stones
 h - 6 javelins (quivered)
 F - 4 curare-tipped darts
Armour
 n - a +2 hat (worn)
 D - a scarf of resistance (worn)
 K - +0 steam dragon scales (worn)
Jewellery
 e - an uncursed amulet of guardian spirit
 g - an uncursed ring of resist corrosion
 s - an uncursed amulet of magic regeneration
 u - an amulet of regeneration (around neck)
 z - a +4 ring of protection (right claw)
 J - a +6 ring of dexterity (left claw)
 N - an uncursed ring of protection from fire
Wands
 a - a wand of iceblast (3)
 y - a wand of paralysis (8)
 A - a wand of disintegration (18)
 C - a wand of flame (4)
 E - a wand of acid (10)
 H - a wand of digging (4)
 M - a wand of polymorph (11)
Scrolls
 b - 11 scrolls of identify
 f - 4 scrolls of fear
 i - 5 scrolls of remove curse
 m - 6 scrolls of magic mapping
 o - 5 scrolls of enchant armour
 q - 3 scrolls of enchant weapon
 t - 5 scrolls of amnesia
 v - a scroll of immolation
 x - a scroll of blinking
 L - a scroll of acquirement
Potions
 c - 2 potions of magic
 j - a potion of brilliance
 k - a potion of mutation
 l - 2 potions of might {unknown}
 p - 4 potions of curing
 r - 6 potions of attraction
 w - a potion of haste
 B - a potion of cancellation
 G - 2 potions of berserk rage
 I - a potion of flight


   Skills:
 + Level 4.3 Fighting
 - Level 5.0 Throwing
 - Level 0.5 Armour
 + Level 4.4 Dodging
 - Level 1.0 Stealth
 + Level 11.4 Unarmed Combat
 + Level 8.6 Invocations


You had 4 spell levels left.
You knew the following spells:

 Your Spells              Type           Power        Failure   Level
a - Confusing Touch       Hex            #.......     78%         3
b - Blink                 Tloc           N/A          54%         2

Your spell library contained the following spells:

 Spells                   Type           Power        Failure   Level
 Magic Dart               Conj           #...         41%         1
 Call Imp                 Summ           #.......     54%         2
 Slow                     Hex            #.......     54%         2
 Conjure Flame            Conj/Fire      #.......     78%         3
 Gell's Gravitas          Tloc           #.........   78%         3
 Mephitic Cloud           Conj/Pois/Air  #.......     78%         3
 Cause Fear               Hex            #.........   99%         4
 Petrify                  Tmut/Erth      #.......     99%         4
 Metabolic Englaciation   Hex/Ice        #.........   100%        5
 Silence                  Hex/Air        #.........   100%        5
 Yara's Violent Unravell  Hex/Tmut       #.........   100%        5
 Discord                  Hex            #.........   100%        8


Dungeon Overview and Level Annotations

Branches:
Dungeon (11/15)            Temple (0/1) D:6
   Lair: D:8-11         Orc: D:9-12

Altars:
Gozag
Qazlal
Ru

Shops:
D:4 [*(


Innate Abilities, Weirdness & Mutations

You are too large for most types of armour.
You have claws for hands.
Your natural rate of healing is unusually fast.
You are covered in fur. (AC +1)
You have extremely tough skin. (AC +3)


Message History

Unknown command.
Okay, then.
Cast which spell? (? or * to list)
You blink.
The boulder beetle curls into a ball and begins rolling!
There is a stone staircase leading up here.
The boulder beetle hits you!!
* * * LOW HITPOINT WARNING * * *
The boulder beetle stops rolling and uncurls.
You climb upwards.
There is a stone staircase leading down here.
Okay, then.
Unknown command.
A red film seems to cover your vision as you go berserk!
You feel yourself moving faster!
You feel mighty! The boulder beetle bites you.
* * * LOW HITPOINT WARNING * * *
You mangle the boulder beetle!!
The boulder beetle is heavily wounded.
The boulder beetle bites you!
You die...

#.............#
#.###########.#
#.# #)# #.##
#.#### ...# #....#
#..# ####.#######
#..# #.°.......#
#..# #.#B#####.#
#..###########.#@#
#.#
...#...........#.#
#.##
.###.###########.#
#..# .# #.# #.#
##.# .# #.# #.#
#.# .# #†#
######.# #.# .#
#.#### #......#
#.# .# #....#
#.###### #.# .#
####.# #.# #.#


You could see a boulder beetle.

Vanquished Creatures
  A centaur warrior (D:11)
  Joseph (D:8)
  Maggie (D:8)
  A kobold demonologist (D:11)
  A hornet (D:11)
  Prince Ribbit (D:8)
  A wraith (D:10)
  Sigmund (D:6)
  A basilisk (D:11)
  A water moccasin (D:5)
  Duvessa (D:7)
  4 orc warriors
  2 ice beasts
  2 sky beasts
  A necrophage (D:10)
  2 black bears
  3 ogres
  4 centaurs
  A big kobold (D:11)
  7 bullfrogs
  Dowan (D:7)
  4 scorpions
  12 killer bees
  8 wights
  2 howler monkeys (D:9)
  4 centaur skeletons
  4 hounds
  7 jellies
  A bullfrog skeleton (D:9)
  5 orc priests
  A gnoll shaman (D:5)
  2 iguanas
  9 orc wizards
  6 worker ants
  A hound zombie (D:10)
  11 gnolls
  A howler monkey skeleton (D:7)
  7 adders
  4 white imps
  2 ufetubi
  2 oozes (D:3)
  A worm (D:3)
  3 dart slugs
  6 leopard geckos
  32 orcs
  2 ball pythons
  5 giant cockroaches
  6 goblins
  8 hobgoblins
  27 jackals
  5 quokkas
  12 bats
  7 frilled lizards
  10 kobolds
  2 quokka skeletons
  10 rats
267 creatures vanquished.

Notes
Turn   | Place    | Note
-------+----------+-------------------------------------------
     0 | D:1      | pkoi the Troll Monk began the quest for the Orb.
     0 | D:1      | Reached XP level 1. HP: 22/22 MP: 0/0
    98 | D:1      | Reached XP level 2. HP: 27/29 MP: 1/1
   882 | D:2      | Found a faded altar of an unknown god.
  1055 | D:2      | Reached skill level 1 in Throwing
  1067 | D:2      | Reached XP level 3. HP: 36/36 MP: 2/2
  1086 | D:2      | Reached skill level 4 in Unarmed Combat
  1487 | D:2      | Reached XP level 4. HP: 40/44 MP: 1/3
  2243 | D:4      | Reached XP level 5. HP: 48/50 MP: 4/4
  2320 | D:4      | Reached skill level 5 in Unarmed Combat
  2363 | D:4      | Found Binak's Antique Armour Shop.
  2371 | D:4      | Found Moliumip's Assorted Antiques.
  2485 | D:4      | Found Ipyvam's Antique Weapon Emporium.
  2811 | D:5      | Entered Level 5 of the Dungeon
  2833 | D:5      | Noticed an ogre
  2843 | D:5      | Killed an ogre
  2844 | D:5      | Reached XP level 6. HP: 53/59 MP: 3/5
  2942 | D:5      | Reached skill level 6 in Unarmed Combat
  2983 | D:5      | Noticed a water moccasin
  2999 | D:5      | Killed a water moccasin
  3000 | D:5      | Reached XP level 7. HP: 25/66 MP: 2/6
  3020 | D:5      | HP: 3/66 [poisoned by a water moccasin]
  3025 | D:5      | HP: 3/66 [poisoned by a water moccasin]
  3419 | D:5      | Found a stormy altar of Qazlal.
  3422 | D:5      | Noticed a water elemental
  3422 | D:5      | Noticed an air elemental
  3422 | D:5      | Noticed a fire elemental
  3814 | D:5      | Became a worshipper of Qazlal Stormbringer
  3814 | D:5      | Reached * piety under Qazlal
  3814 | D:5      | Reached ** piety under Qazlal
  3851 | D:5      | Reached skill level 5 in Throwing
  3902 | D:6      | Reached skill level 7 in Unarmed Combat
  3902 | D:6      | Reached skill level 1 in Invocations
  3936 | D:6      | Noticed Sigmund
  3951 | D:5      | Reached XP level 8. HP: 50/74 MP: 5/8
  4204 | D:5      | Reached skill level 8 in Unarmed Combat
  4381 | D:6      | Killed Sigmund
  4419 | D:6      | Identified a scroll of acquirement
  4419 | D:6      | Acquired 1225 gold pieces
  4470 | D:4      | Bought an embroidered scarf for 152 gold pieces
  4668 | D:6      | Reached skill level 5 in Invocations
  4744 | D:6      | Reached skill level 9 in Unarmed Combat
  4747 | D:6      | Reached XP level 9. HP: 80/80 MP: 11/11
  4751 | D:6      | Found a staircase to the Ecumenical Temple.
  4825 | D:6      | Learned a level 3 spell: Confusing Touch
  5124 | D:7      | Noticed Dowan
  5126 | D:7      | Noticed Duvessa
  5144 | D:7      | Killed Duvessa
  5155 | D:7      | Killed Dowan
  5158 | D:7      | Reached *** piety under Qazlal
  5219 | D:7      | Found an opulent altar of Gozag.
  5445 | D:7      | Learned a level 2 spell: Blink
  5541 | D:7      | Reached skill level 10 in Unarmed Combat
  5999 | D:8      | Noticed Maggie
  6011 | D:8      | Killed Maggie
  6044 | D:8      | Noticed Joseph
  6060 | D:8      | Killed Joseph
  6174 | D:8      | Noticed Prince Ribbit
  6177 | D:8      | Killed Prince Ribbit
  6178 | D:8      | Reached XP level 10. HP: 88/88 MP: 14/14
  6420 | D:8      | Found a sacrificial altar of Ru.
  7184 | D:9      | Reached skill level 11 in Unarmed Combat
  7198 | D:9      | Reached **** piety under Qazlal
  7487 | D:10     | Entered Level 10 of the Dungeon
  8449 | D:11     | Paralysed by a hornet for 3 turns
  8720 | D:11     | Noticed a centaur warrior
  8731 | D:11     | Killed a centaur warrior
  8731 | D:11     | Noticed a boulder beetle
  8759 | D:11     | HP: 2/94 [boulder beetle (20)]
  8762 | D:10     | Mangled by a boulder beetle

Illustrated notes

Levels and vault maps discovered:
D:1:      heliophobic_arrival_enchanted_forest, layout_basic
D:2:      layout_loops_cross, chequers_ecumenical_altar_twisty
D:3:      layout_loops_ring, chequers_serial_rivers_room_b
D:4:      layout_rooms, serial_shops, nicolae_shop_statue_plus,
          nicolae_shop_stone, nicolae_shop_waterfront,
          chequers_hall_statues_wall_a
D:5:      layout_loops_ring, corner_web_ring, nicolae_qazlal_style_of_elements
D:6:      minmay_bubble_buster, layout_cave_pools,
          minmay_temple_entry_offerings, uniq_sigmund
D:7:      layout_loops_ring, basic_altar, uniq_duvessa
D:8:      layout_rooms, lemuel_coloured_pillars_altar, uniq_maggie, uniq_joseph,
          uniq_prince_ribbit1
D:9:      layout_basic, glass_columns_c
D:10:     layout_loops_ring, bh_walls_and_bars
D:11:     layout_basic, erik_lair_dragon, basic_altar

Skill      XL: |  1  2  3  4  5  6  7  8  9 10 |
---------------+-------------------------------+-----
Throwing       | 1 2 3 4 5 |  5.0
Unarmed Combat | 4 5 6 7 9 10 11 | 11.4
Invocations    | 2 5 7 8 |  8.6
Dodging        | 4 |  4.4
Fighting       | 4 |  4.3
Armour         | |  0.5
Stealth        | |  1.0

Action                   |  1- 3 |  4- 6 |  7- 9 | 10-12 || total
-------------------------+-------+-------+-------+-------++-------
Melee: Unarmed           |   131 |   171 |   266 |   266 ||   834
       Punch             |     1 |     2 |     6 |    14 ||    23
Throw: Javelin           |       |       |     4 |       ||     4
       Stone             |       |       |     1 |       ||     1
 Cast: Blink             |       |       |       |     1 ||     1
Invok: Upheaval          |       |       |     3 |     2 ||     5
  Use: Scroll            |       |       |     1 |    18 ||    19
       Potion            |       |       |       |     3 ||     3
 Stab: Sleeping          |     1 |     6 |       |       ||     7
Armor: Robe              |    64 |    77 |    98 |       ||   239
       Steam dragon scal |       |       |     4 |    77 ||    81
Dodge: Dodged            |    85 |    92 |   102 |   111 ||   390
       Repelled          |       |       |       |     1 ||     1
Block: Other             |       |       |    36 |    41 ||    77

Table legend: (Time is in decaauts)
 A = Elapsed time spent in this place.
 B = Non-inter-level travel time spent in this place.
 C = Inter-level travel time spent in this place.
 D = Time resting spent in this place.
 E = Time spent auto-exploring this place.
 F = Levels seen in this place.
 G = Mean time per level.
                   A        B        C        D        E       F      G
               +--------+--------+--------+--------+--------+-----+--------+
         Total |   8657 |   8072 |    585 |    595 |   5803 |  11 |  787.0 |
       Dungeon |   8657 |   8072 |    585 |    595 |   5803 |  11 |  787.0 |
               +--------+--------+--------+--------+--------+-----+--------+

Top non-repeatable levels by time:
     D:5: 1544 daAuts
     D:9: 978 daAuts
    D:10: 932 daAuts
     D:1: 862 daAuts
     D:7: 784 daAuts
     D:2: 694 daAuts
     D:3: 663 daAuts
     D:4: 653 daAuts
     D:6: 633 daAuts
     D:8: 602 daAuts
    D:11: 305 daAuts
